 Dungeon Crawl Stone Soup version 0.32-a0-871-ge202e49faa (webtiles) character file.

Game seed: 6183120761160662925

493 Goblin1989 the Ruffian (level 6, -1/43 HPs)
             Began as a Demonspawn Shapeshifter on Mar 30, 2024.
             Was a Believer of Nemelex Xobeh.
             Killed by divine providence
             ... invoked by an orc priest
              (14 damage)
             ... on level 5 of the Dungeon.
             The game lasted 00:06:44 (4112 turns).

Goblin1989 the Ruffian (Demonspawn Shapeshifter)    Turns: 4112, Time: 00:06:44

Health: -1/43      AC:  3    Str: 16    XL:     6   Next: 92%
Magic:  8/8        EV: 16    Int: 10    God:    Nemelex Xobeh [**....]
Gold:   183        SH:  0    Dex: 13    Spells: 5/5 levels left

rFire   . .          .
                       - Unarmed
rCold   . . .        (no shield)
rNeg    . . .        a - +1 animal skin
rPois   .            (helmet currently unavailable)
rElec   .            (cloak currently unavailable)
rCorr   .            (gloves currently unavailable)
SInv    .            (boots currently unavailable)
Will    .....        (no amulet)
Stlth   +            e - +5 ring of evasion
HPRegen 0.27/turn    (no ring)
MPRegen 0.11/turn

%: no passive effects
@: beast-form
A: beast (slay +2), hooves 1, sturdy frame 1, demonic magic 2
a: Begin Untransformation, Renounce Religion, Draw Escape, Draw Destruction,
Draw Summoning


You were on level 5 of the Dungeon.
You worshipped Nemelex Xobeh.
Nemelex Xobeh was pleased with you.
You were a hulking beast.
You visited 1 branch of the dungeon, and saw 5 of its levels.
You also visited: Sewer.

You collected 183 gold pieces.

Inventory:

Hand Weapons
 m - the +8 spear "Uplamis" {antimagic, rN++ Str+3 Dex-3}
   (You found it on level 3 of the Dungeon)

   Str+3:     It affects your strength (+3).
   Dex-3:     It affects your dexterity (-3).
   rN++:      It greatly protects you from negative energy.
Armour
 a - a +1 animal skin (worn)
Jewellery
 e - a +5 ring of evasion (left hand)
 n - a ring of protection from cold
Talismans
 c - a beast talisman (active)
 d - a flux talisman
Wands
 r - a wand of digging (9) {@v3}
Scrolls
 f - 2 scrolls of teleportation {!r, @r2}
 h - 2 scrolls of identify {@r1}
 j - a scroll of noise
Potions
 b - 2 potions of lignification
 i - a potion of might {unknown}
 o - 2 potions of enlightenment
 p - a potion of curing {@q1}
 q - 2 potions of heal wounds {@q2}


   Skills:
 - Level 1.0 Fighting
 - Level 1.7 Dodging
 * Level 5.1 Unarmed Combat
 + Level 2.8 Invocations
 * Level 4.9 Shapeshifting


You had 5 spell levels left.
You didn't know any spells.
Your spell library contained the following spells:

 Spells                   Type           Power      Damage    Failure   Level
 Slow                     Hex            0%         N/A       36%         1
 Cigotuvi's Dreadful Rot  Necr/Alch/Air  0%         N/A       50%         2
 Confusing Touch          Hex            0%         N/A       75%         3
 Vampiric Draining        Necr           0%         2d6       75%         3
 Dispel Undead            Necr           0%         3d6       98%         4
 Martyr's Knell           Necr/Summ      0%         N/A       98%         4
 Summon Forest            Summ/Tloc      0%         N/A       100%        5
 Summon Mana Viper        Hex/Summ       0%         N/A       100%        5
 Summon Cactus Giant      Summ           0%         N/A       100%        6


Dungeon Overview and Level Annotations

Branches:
Dungeon (5/15) Zot: 26167   Sewer (visited)
 Temple: D:4-7

Altars:
Fedhas
Nemelex Xobeh
Qazlal
Yredelemnul

Shops:
D:1 (


Innate Abilities, Weirdness & Mutations

You are a hulking beast.
Your limbs bulge with bestial killing power. (Slay +2)
You have large cloven feet.
Your movements are slightly less encumbered by armour. (ER -2)
Spells you cast may paralyse nearby enemies.


Message History

The hound completely misses you. The orc barely misses you.
You hit the hound.
The hound is lightly wounded.
The hound misses you. The orc misses you. The hound bites you.
You take 1 damage, and have 37/43 hp.
You punch the hound!
The hound is severely wounded.
The hound completely misses you. The orc hits you with a +0 dagger.
You take 1 damage, and have 36/43 hp.
You closely miss the hound. Your kick misses the hound.
The hound is severely wounded.
The hound bites you. The orc closely misses you.
You take 2 damage, and have 34/43 hp.
You barely miss the hound. You kick the hound.
The hound is almost dead.
The hound misses you. The hound barely misses you.
The orc hits you but does no damage.
You closely miss the hound. Your kick misses the hound.
The hound is almost dead.
The hound barely misses you.
You hit the hound.
You kill the hound!
The orc barely misses you.
You hit the adder. You kick the adder, but do no damage.
The adder is moderately wounded.
The orc completely misses you. The orc barely misses you.
The adder completely misses you.
You hit the adder.
The adder is almost dead.
The adder closely misses you. The orc hits you with a +0 hand axe.
The orc misses you.
The orc priest looks encouraged for a moment.
You take 3 damage, and have 32/43 hp.
The adder attacks as it pursues you! The adder bites you.
You are poisoned.
The adder poisons you! The adder bites you.
You take 4 damage, and have 28/43 hp.
You feel sick.
You take 2 damage, and have 26/43 hp.
You hit the orc. Your kick misses the orc.
The orc is severely wounded.
You feel sick. The orc hits you with a +0 hand axe.
You take 3 damage, and have 23/43 hp.
You draw a card...
You have drawn Degeneration.
The orc evaporates and reforms as a giant cockroach!
The giant cockroach twists and deforms.
The adder evaporates and reforms as a jelly!
The jelly twists and deforms.
The orc evaporates and reforms as a quokka!
The quokka twists and deforms.
The orc priest evaporates and reforms as a hobgoblin!
The hobgoblin twists and deforms.
You feel sick. The giant cockroach misses you.
The hobgoblin picks up a +0 whip.
The hobgoblin wields a +0 whip.
The hobgoblin picks up a +0 leather armour.
The hobgoblin wears a +0 leather armour.
You take 1 damage, and have 22/43 hp.
You completely miss the giant cockroach.
You kick the giant cockroach.
You kill the giant cockroach!
The orc returns to its original shape as it dies.
You hit the quokka.
You kill the quokka!
You feel sick.
You take 1 damage, and have 22/43 hp.
You feel sick.
You are no longer poisoned.
The jelly barely misses you. The orc priest hits you with a +0 club.
* * * LOW HITPOINT WARNING * * *
Things that are here:
a +0 hand axe; an orc corpse You take 5 damage, and have 17/43 hp.
Unknown command.
You hit the jelly.
You kill the jelly!
The orc priest hits you with a +0 club.
* * * LOW HITPOINT WARNING * * *
You take 3 damage, and have 14/43 hp.
MP restored: 8 You closely miss the orc priest.
You kick the orc priest.
The orc priest is lightly wounded.
You barely miss the orc priest.
The orc priest is lightly wounded.
The orc priest closely misses you.
You hit the orc priest. Your kick misses the orc priest.
The orc priest is heavily wounded.
The orc priest hits you with a +0 club.
* * * LOW HITPOINT WARNING * * *
You take 3 damage, and have 12/43 hp.
You barely miss the orc priest. You kick the orc priest.
The orc priest is heavily wounded.
You draw a card...
You have drawn Pain.
Press: ? - help, Shift-Dir - straight line, f - orc warrior
Aim: an orc warrior, wielding a +0 battleaxe and wearing a +0 chain mail The orc warrior convulses!
The orc priest calls down the wrath of Beogh upon you.
Beogh smites you!
You die...
Your body glows slightly and disappears.

█.. ... ██
█..██.█ .
█.....█████
█.█........<█
█.......█████
█..█.██.███████
█..............
█..█.██.██████.
█. █.hoo.......
. ████o██.█.█.
█))..█
>........
██........
█........
.........
█........
█........


You could see an orc warrior, an orc priest and an orc.

Vanquished Creatures
  A kobold brigand (Sewer)
  A jelly (D:5)
  A bombardier beetle (D:3)
  2 hounds
  An orc wizard (D:5)
  8 adders
  6 river rats
  3 dart slugs
  2 ribbon worms
  7 orcs
  7 endoplasms
  5 giant cockroaches
  7 goblins
  15 hobgoblins
  2 jackals (Sewer)
  7 kobolds
  6 quokkas
  8 ball pythons
  11 bats
  A frilled lizard (D:2)
  10 rats
111 creatures vanquished.

Vanquished Creatures (collateral kills)
  An orc priest (D:4)
  3 orcs (D:4)
4 creatures vanquished.

Grand Total: 115 creatures vanquished

Notes
Turn   | Place    | Note
-------+----------+-------------------------------------------
     0 | D:1      | Goblin1989 the Demonspawn Shapeshifter began the quest for
                  | the Orb.
     0 | D:1      | Reached XP level 1. HP: 15/15 MP: 1/1
   188 | D:1      | Reached skill level 3 in Unarmed Combat
   188 | D:1      | Gained mutation: Your movements are slightly less
                  | encumbered by armour. (ER -2) [demonic ancestry]
   188 | D:1      | Reached XP level 2. HP: 21/21 MP: 2/2
   786 | D:1      | Reached XP level 3. HP: 25/26 MP: 3/3
   892 | D:1      | Found Naroacwate's Weapon Shop.
  1666 | D:2      | Gained mutation: You have large cloven feet. [demonic
                  | ancestry]
  1666 | D:2      | Reached XP level 4. HP: 17/32 MP: 4/4
  1803 | D:2      | Found a basalt altar of Yredelemnul.
  2116 | D:3      | Reached skill level 4 in Unarmed Combat
  2254 | D:3      | Found a faded altar of an unknown god.
  2271 | D:3      | Prayed at the altar of an unknown god.
  2271 | D:3      | Became a worshipper of Nemelex Xobeh the Trickster
  2271 | D:3      | Reached * piety under Nemelex Xobeh
  2271 | D:3      | Received a gift from Nemelex Xobeh
  2322 | D:3      | Identified the +8 spear "Uplamis" {antimagic, rN++ Str+3
                  | Dex-3}
  2380 | D:3      | Gained mutation: Spells you cast may paralyse adjacent
                  | enemies. [demonic ancestry]
  2380 | D:3      | Reached XP level 5. HP: 37/37 MP: 5/5
  2416 | D:3      | Found a stormy altar of Qazlal.
  2474 | D:3      | Found a blossoming altar of Fedhas.
  2620 | D:4      | Reached skill level 1 in Invocations
  2666 | D:4      | Found a glowing drain.
  2673 | Sewer    | Entered a sewer
  2839 | Sewer    | Gained mutation: Spells you cast may paralyse nearby
                  | enemies. [demonic ancestry]
  2839 | Sewer    | Reached XP level 6. HP: 32/43 MP: 7/7
  3680 | D:4      | Reached ** piety under Nemelex Xobeh
  4073 | D:5      | Entered Level 5 of the Dungeon
  4081 | D:5      | Noticed an orc warrior
  4086 | D:5      | Reached skill level 5 in Unarmed Combat
  4112 | D:5      | Killed from afar by an orc priest

Illustrated notes

Levels and vault maps discovered:
D:1:      dpeg_arrival_circle_labyrinth_a, layout_basic, serial_shops, shop,
          serial_bayou_pond_b
D:2:      layout_loops_ring, basic_altar, kennysheep_potato
D:3:      layout_rooms, mainiacjoe_overflow_brackets, marbit_many_paths,
          hellmonk_ecumenical_altar_inner_sanctum
D:4:      layout_layer_cave, nicolae_tso_swordbearing_angel,
          lightli_sewer_entry_pipes, serial_bayou_lake_a
D:5:      layout_basic, lemuel_zombie_altar_yredelemnul, kennysheep_mini_moat

Skill      XL: |  1  2  3  4  5  6 |
---------------+-------------------+-----
Unarmed Combat | 3 4 5 |  5.1
Shapeshifting  | 3 4 |  4.9
Invocations    | 1 2 |  2.8
Fighting       | |  1.0
Dodging        | |  1.7

Action                     |  1- 3 |  4- 6 || total
---------------------------+-------+-------++-------
  Melee: Unarmed           |   151 |   200 ||   351
         Punch             |     3 |     7 ||    10
         Kick              |       |    49 ||    49
 Invoke: Draw Destruction  |       |     2 ||     2
         Draw Summoning    |       |     1 ||     1
    Use: Scroll            |       |     5 ||     5
   Stab: Sleeping          |     2 |       ||     2
 Armour: Animal skin       |    84 |    74 ||   158
  Dodge: Dodged            |   152 |   152 ||   304

Table legend: (Time is in decaauts)
 A = Elapsed time spent in this place.
 B = Non-inter-level travel time spent in this place.
 C = Inter-level travel time spent in this place.
 D = Time resting spent in this place.
 E = Time spent auto-exploring this place.
 F = Levels seen in this place.
 G = Mean time per level.
                   A        B        C        D        E       F      G
               +--------+--------+--------+--------+--------+-----+--------+
         Total |   4191 |   4045 |    146 |     93 |   3177 |   6 |  698.5 |
       Dungeon |   3831 |   3685 |    146 |     93 |   2918 |   5 |  766.2 |
         Sewer |    360 |    360 |      0 |      0 |    258 |   1 |  360.0 |
               +--------+--------+--------+--------+--------+-----+--------+

Top non-repeatable levels by time:
     D:4: 1246 daAuts
     D:2: 1025 daAuts
     D:1: 959 daAuts
     D:3: 564 daAuts
   Sewer: 360 daAuts
     D:5: 36 daAuts
